[Event "ICC Open 2015"]
[Site "Internet Chess Club"]
[Date "2015.05.30"]
[Round "1"]
[White "paulohaddad"]
[Black "Linkmus"]
[Result "0-1"]
[ICCResult "White forfeits on time"]
[WhiteElo "1812"]
[BlackElo "2704"]
[Opening "Torre attack (Tartakower variation)"]
[ECO "D03"]
[NIC "QP.08"]
[Time "14:04:09"]
[TimeControl "180+0"]

1. d4 d5 2. Nf3 Nf6 3. Bg5 Ne4 4. Bf4 c5 5. e3 Nc6 6. Nbd2 Bg4 7. c3 e6 8.
Be2 f5 9. Ne5 Bxe2 10. Qxe2 Nxe5 11. Bxe5 Nxd2 12. Qxd2 Bd6 13. f4 Bxe5 14.
dxe5 b5 15. b3 a5 16. Qe2 c4 17. bxc4 bxc4 18. Qh5+ g6 19. Qh6 Kf7 20. Rb1
Rb8 21. O-O Qe7 22. Rxb8 Rxb8 23. Qxh7+ Ke8 24. Qg8+ Qf8 25. Qxe6+ Qe7 26.
Qc6+ Kf8 27. Qxg6 Rb2 28. Qxf5+ Kg8 29. Qg6+ Kf8 30. Rd1 Qc5 31. Qd6+ Qxd6
32. exd6 Rb5 33. g4 Ke8 34. f5 Kd7 35. f6 Kxd6 36. e4 Ke6 37. Rxd5 Rb1+ 38.
Kf2 Kxf6 39. Ke3 Rb2 40. Rxa5 Rxh2 41. Kd4 Re2 42. e5+ Ke6 43. Ra6+ Ke7 44.
Kxc4 Rxe5 45. Kd4 Rg5 46. Ra7+ Kd6 47. Ra6+ Kc7 48. c4 Rxg4+ 49. Kc5 Kb7 50.
Re6 Rg2 51. a4 Ra2 52. Kb5 Rb2+ 53. Kc5 Ra2 54. Kb4 Ra1 55. c5 Kc7 56. Re7+
Kc6 57. Re6+ Kc7 58. Kb5 Rb1+ 59. Ka6 Rc1 60. Re5 Kc6 61. a5 Ra1 62. Re6+
Kxc5 63. Rb6 Ra2 64. Rb5+ Kc6 65. Rb8 Kc7 66. Rb4 Ra1 67. Kb5 Kb7 68. a6+
Ka7 69. Rb3 Rf1 70. Rc3 Rf5+ 71. Rc5 Rf7 72. Rc6 Rg7 73. Rc5 Rg6 74. Ka5
Rxa6+ 75. Kb5 Rg6 {White forfeits on time} 0-1

[Event "ICC Open 2015"]
[Site "Internet Chess Club"]
[Date "2015.05.30"]
[Round "1"]
[White "capaldi"]
[Black "Talion"]
[Result "0-1"]
[ICCResult "White forfeits on time"]
[WhiteElo "1854"]
[BlackElo "2868"]
[Opening "Owen defense"]
[ECO "B00"]
[NIC "VO.01"]
[Time "14:04:19"]
[TimeControl "180+0"]

1. e4 b6 2. d4 Bb7 3. Nc3 g6 4. f3 Bg7 5. Be3 e6 6. Qd2 d6 7. Bc4 Nd7 8.
Nge2 a6 9. a4 h6 10. O-O Ne7 11. Bb3 c5 12. Rad1 Qc7 13. Kh1 Rd8 14. Ba2 g5
15. dxc5 dxc5 16. Ng3 Ng6 17. Nh5 Be5 18. Qf2 Nf4 19. Bxf4 gxf4 20. Qh4 Rg8
21. Qh3 Rg6 22. Rd2 Nb8 23. Rfd1 Rxd2 24. Rxd2 Qe7 25. Ne2 Qg5 26. Rd1 Nc6
27. c3 Ne7 28. Nc1 Bc7 29. Nd3 Bc8 {White forfeits on time} 0-1

[Event "ICC Open 2015"]
[Site "Internet Chess Club"]
[Date "2015.05.30"]
[Round "1"]
[White "MWeston"]
[Black "TudoracheM"]
[Result "1-0"]
[ICCResult "Black resigns"]
[WhiteElo "2690"]
[BlackElo "1799"]
[Opening "Sicilian: Nimzovich-Rossolimo attack (with ...g6, without ...d6)"]
[ECO "B31"]
[NIC "SI.31"]
[Time "14:04:47"]
[TimeControl "180+0"]

1. e4 c5 2. Nf3 Nc6 3. Bb5 g6 4. Bxc6 dxc6 5. d3 Bg7 6. Nc3 Bg4 7. a3 e5 8.
Be3 b6 9. h3 Bxf3 10. Qxf3 Qc7 11. b4 cxb4 12. axb4 Ne7 13. O-O O-O 14. Qe2
f5 15. f3 f4 16. Bf2 a5 17. bxa5 bxa5 18. Bc5 Rf7 19. Ra4 Bf8 20. Rfa1 Nc8
21. Qf2 Nd6 22. Bb6 Qb7 23. Rxa5 Rxa5 24. Rxa5 Nc8 25. Bc5 Qb2 26. Bxf8 Qxc3
27. Ra3 Qb2 28. Bc5 Rb7 29. Ra8 Rb8 30. Rxb8 Qxb8 31. d4 Kf7 32. Qd2 Ne7 33.
dxe5 Qxe5 34. Bd6 Qa1+ 35. Kh2 Qf6 36. Bxf4 g5 37. Bxg5 Qe5+ 38. Qf4+ Qxf4+
39. Bxf4 Ng6 40. Bc7 Ke6 41. f4 Ne7 42. f5+ Kf6 43. g4 c5 44. Kg3 Nc6 45.
Kf4 c4 46. c3 Ke7 47. e5 Kd7 48. Bb6 Ne7 49. Bc5 Nd5+ 50. Kg5 Nxc3 51. e6+
Ke8 52. Kf4 Ne4 53. Kxe4 c3 54. Kd3 c2 55. Kxc2 {Black resigns} 1-0

[Event "ICC Open 2015"]
[Site "Internet Chess Club"]
[Date "2015.05.30"]
[Round "1"]
[White "bjerky"]
[Black "chessdi"]
[Result "0-1"]
[ICCResult "White resigns"]
[WhiteElo "1672"]
[BlackElo "2394"]
[Opening "Owen defense"]
[ECO "B00"]
[NIC "VO.01"]
[Time "14:04:32"]
[TimeControl "180+0"]

1. e4 b6 2. d4 Bb7 3. Nc3 e6 4. a3 Nf6 5. Bd3 d5 6. e5 Nfd7 7. Nge2 c5 8.
Bb5 cxd4 9. Nxd4 a6 10. Bxd7+ Nxd7 11. f4 Be7 12. Be3 Nc5 13. Qf3 Ne4 14.
Nxe4 dxe4 15. Qg3 g6 16. h4 h5 17. O-O-O Qc7 18. Kb1 Rc8 19. c3 Bd5 20. Qf2
Qc4 21. Kc2 b5 22. Qe2 Qa4+ 23. Kb1 O-O 24. Qc2 Qa5 25. Rdg1 b4 26. axb4
Bxb4 27. g4 Bxc3 28. gxh5 Bxd4 29. Bxd4 Qa2+ 30. Kc1 Rxc2+ 31. Kxc2 Rc8+ 32.
Bc3 Qb3+ 33. Kd2 e3+ 34. Ke2 Qc2+ 35. Kxe3 Bxh1 36. hxg6 Qe4+ 37. Kd2 fxg6
38. h5 Rd8+ 39. Kc1 Qe3+ 40. Kc2 Be4+ 41. Kb3 Qb6+ 42. Ka2 Qxg1 43. hxg6 Rd1
44. Kb3 Bd5+ 45. Kb4 Qb6+ 46. Ka4 Qb5+ {White resigns} 0-1

[Event "ICC Open 2015"]
[Site "Internet Chess Club"]
[Date "2015.05.30"]
[Round "1"]
[White "beaupre"]
[Black "olimpus"]
[Result "0-1"]
[ICCResult "White checkmated"]
[WhiteElo "1823"]
[BlackElo "2740"]
[Opening "Robatsch defense: two knights variation"]
[ECO "B06"]
[NIC "KF.05"]
[Time "14:05:23"]
[TimeControl "180+0"]

1. e4 g6 2. d4 Bg7 3. Nf3 d6 4. Nc3 a6 5. Be3 b5 6. a3 Bb7 7. Be2 Nd7 8. O-O
c5 9. Nd5 cxd4 10. Bxd4 Ngf6 11. Nxf6+ Nxf6 12. e5 dxe5 13. Bxe5 O-O 14. Bd3
Rc8 15. Qe2 e6 16. Rfd1 Qe7 17. Bf4 Nd5 18. Be5 Rfd8 19. Bxg7 Kxg7 20. Rac1
Nf4 21. Qe3 Qf6 22. Be4 Bxe4 23. Rxd8 Bxf3 24. Rxc8 Bxg2 25. Re1 Bb7 26. Rc3
Nd5 27. Qf3 Qg5+ 28. Qg3 Qd2 29. Rd3 Qxe1+ 30. Kg2 Nf4# {White checkmated}
0-1

[Event "ICC Open 2015"]
[Site "Internet Chess Club"]
[Date "2015.05.30"]
[Round "1"]
[White "MJXII"]
[Black "RaptureMan"]
[Result "0-1"]
[ICCResult "White resigns"]
[WhiteElo "1489"]
[BlackElo "2223"]
[Opening "French: Tarrasch"]
[ECO "C03"]
[NIC "FR.14"]
[Time "14:04:22"]
[TimeControl "180+0"]

1. e4 e6 2. d4 d5 3. Nd2 Be7 4. Ngf3 Nf6 5. Bd3 c5 6. e5 Nfd7 7. c3 Nc6 8.
O-O g5 9. h3 h5 10. Bb5 cxd4 11. Bxc6 bxc6 12. cxd4 c5 13. Nb3 cxd4 14. Qxd4
Rg8 15. Nh2 Qb6 16. Be3 Qxd4 17. Bxd4 Nb6 18. Rac1 Ba6 19. Rfe1 Kd7 20. Nc5+
Bxc5 21. Bxc5 Rac8 22. Bd6 Nc4 23. Nf3 Nxd6 24. exd6 Rxc1 25. Rxc1 Kxd6 26.
Nd4 Rc8 27. Rxc8 Bxc8 28. Nb5+ Kc5 29. Nxa7 Bd7 30. b3 Kb6 31. a4 Kxa7 32.
f3 Kb6 33. Kf2 Kc5 34. Ke3 Kb4 35. a5 Kxa5 36. Kd4 f6 37. g3 Kb5 38. g4 hxg4
39. fxg4 Kb4 {White resigns} 0-1

[Event "ICC Open 2015"]
[Site "Internet Chess Club"]
[Date "2015.05.30"]
[Round "1"]
[White "cap78red"]
[Black "paulleon"]
[Result "0-1"]
[ICCResult "White forfeits on time"]
[WhiteElo "1359"]
[BlackElo "2076"]
[Opening "English opening"]
[ECO "A13"]
[NIC "EO.64"]
[Time "14:04:35"]
[TimeControl "180+0"]

1. c4 e6 2. Nc3 d5 3. e3 Nf6 4. d4 Be7 5. Nf3 O-O 6. Ne5 b6 7. f4 Bb7 8.
cxd5 Nxd5 9. Nxd5 Bxd5 10. Qc2 c5 11. e4 Bb7 12. dxc5 Bxc5 13. Bd3 Nc6 14.
a3 Nd4 15. Qd2 Nb3 16. Qe2 Nxa1 17. Be3 Nb3 18. Bxc5 bxc5 19. O-O Qb6 20. f5
c4+ 21. Kh1 cxd3 22. Qxd3 Ba6 23. Qg3 f6 24. Nd3 Nd2 25. Rd1 Rac8 26. Rxd2
Bxd3 27. Qxd3 Qxb2 28. h3 Rc1+ 29. Kh2 Qe5+ 30. g3 exf5 31. exf5 Re1 32.
Qc4+ Kh8 33. Qg4 Re8 34. h4 Qe2+ 35. Rxe2 R8xe2+ 36. Qxe2 Rxe2+ 37. Kh3 Re3
38. Kg4 Rxa3 39. Kf4 Ra4+ 40. Ke3 Rb4 41. Kf3 a5 42. Ke3 g6 43. fxg6 hxg6
44. Kd3 a4 45. Kc3 Rb3+ 46. Kc2 Rxg3 47. h5 g5 48. h6 f5
{White forfeits on time}
0-1

[Event "ICC Open 2015"]
[Site "Internet Chess Club"]
[Date "2015.05.30"]
[Round "1"]
[White "Hobaica"]
[Black "Berke"]
[Result "1-0"]
[ICCResult "Black resigns"]
[WhiteElo "2218"]
[BlackElo "1479"]
[Opening "French: Burn variation"]
[ECO "C11"]
[NIC "FR.05"]
[Time "14:05:05"]
[TimeControl "180+0"]

1. e4 e6 2. d4 d5 3. Nc3 Nf6 4. Bg5 dxe4 5. Nxe4 Be7 6. Bxf6 Bxf6 7. Nf3 Bd7
8. Qd2 Bc6 9. Bd3 Nd7 10. O-O-O Qe7 11. Qa5 Nb6 12. Bb5 O-O 13. Bxc6 bxc6
14. Nxf6+ Qxf6 15. Qg5 Qxg5+ 16. Nxg5 Rab8 17. Ne4 Nc4 18. b3 Na3 19. Nc5
Rfd8 20. c4 a5 21. Rd2 e5 22. dxe5 Rxd2 23. Kxd2 Rd8+ 24. Kc3 Re8 25. Re1 f6
26. e6 Re7 27. Kb2 Nxc4+ 28. bxc4 {Black resigns} 1-0

[Event "ICC Open 2015"]
[Site "Internet Chess Club"]
[Date "2015.05.30"]
[Round "1"]
[White "SurferRosa"]
[Black "rovov"]
[Result "1-0"]
[ICCResult "Black checkmated"]
[WhiteElo "2288"]
[BlackElo "1598"]
[Opening "QGD Slav: Dutch variation, main line"]
[ECO "D19"]
[NIC "SL.05"]
[Time "14:04:02"]
[TimeControl "180+0"]

1. d4 d5 2. c4 c6 3. Nf3 Nf6 4. Nc3 dxc4 5. a4 Bf5 6. e3 e6 7. Bxc4 Bb4 8.
O-O O-O 9. Qe2 Bg6 10. Ne5 Nbd7 11. Nxg6 hxg6 12. Rd1 Nb6 13. Bb3 Qe7 14. a5
Nbd5 15. Bd2 Nxc3 16. bxc3 Bd6 17. a6 b6 18. e4 Nd7 19. e5 Bc7 20. Qg4 c5
21. Bg5 Qe8 22. Rd3 cxd4 23. cxd4 Bd8 24. Bd2 Be7 25. h4 Qd8 26. Qe2 Rc8 27.
h5 gxh5 28. Qxh5 g6 29. Qh2 Bh4 30. Rh3 Kg7 31. Rxh4 Rh8 32. Bh6+ Kg8 33.
Bg5 Rxh4 34. Qxh4 Qf8 35. Kh2 Qg7 36. Rh1 Qh7 37. Qxh7+ Kxh7 38. Kg3+ Kg7
39. Ba4 Kf8 40. Bxd7 Rc7 41. Rh8+ Kg7 42. Bf6# {Black checkmated} 1-0

[Event "ICC Open 2015"]
[Site "Internet Chess Club"]
[Date "2015.05.30"]
[Round "1"]
[White "HPG1947"]
[Black "yummy2"]
[Result "0-1"]
[ICCResult "White forfeits on time"]
[WhiteElo "1789"]
[BlackElo "2668"]
[Opening "Mieses opening"]
[ECO "A00"]
[NIC "VO.13"]
[Time "14:04:59"]
[TimeControl "180+0"]

1. d3 d5 2. Nd2 Bg4 3. Ngf3 c6 4. e4 Nd7 5. Be2 e6 6. c3 Bd6 7. O-O Ngf6 8.
Qc2 O-O 9. Re1 Qc7 10. h3 Bh5 11. d4 Bg6 12. Bd3 dxe4 13. Nxe4 Bf4 14. Nxf6+
Nxf6 15. Ne5 Bxc1 16. Bxg6 hxg6 17. Raxc1 c5 18. dxc5 Qxc5 19. Qe2 Rfd8 20.
Rcd1 Qb6 21. a4 Rxd1 22. Rxd1 Rd8 23. Rxd8+ Qxd8 24. Qd3 Qc7 25. Qd4 a6 26.
b4 Nd5 27. a5 Nxc3 {White forfeits on time} 0-1

[Event "ICC Open 2015"]
[Site "Internet Chess Club"]
[Date "2015.05.30"]
[Round "1"]
[White "The7thGuest"]
[Black "pasco84"]
[Result "1-0"]
[ICCResult "Black resigns"]
[WhiteElo "2031"]
[BlackElo "1317"]
[Opening "Ruy Lopez: Alapin's defense"]
[ECO "C60"]
[NIC "RL.01"]
[Time "14:05:21"]
[TimeControl "180+0"]

1. e4 e5 2. Nf3 Nc6 3. Bb5 Bb4 4. c3 Ba5 5. O-O Nge7 6. d4 exd4 7. cxd4 d5
8. e5 h6 9. h3 O-O 10. Nc3 f6 11. exf6 Rxf6 12. Ne5 Nxe5 13. dxe5 Rb6 14.
Bd3 Bxc3 15. bxc3 Bf5 16. Be3 Bxd3 17. Qxd3 Re6 18. f4 b6 19. c4 c5 20. cxd5
Qxd5 21. Qxd5 Nxd5 22. Bd2 Rd8 23. Rae1 g6 24. g4 Nb4 25. Bxb4 cxb4 26. f5
Rc6 27. e6 Re8 28. Rc1 Rec8 29. Rxc6 Rxc6 30. Re1 Kf8 31. f6 Rc8 32. Rd1 Re8
33. Rd6 b5 34. h4 a5 35. g5 h5 36. Rb6 a4 37. e7+ Kf7 38. Rxb5 b3 39. axb3
axb3 40. Rxb3 Rc8 41. Rd3 Rc4 42. Rd8 Rg4+ 43. Kf2 Re4 44. Rf8+ Ke6 45.
e8=Q+ Kf5 46. Qxe4+ Kxe4 47. f7 {Black resigns} 1-0

[Event "ICC Open 2015"]
[Site "Internet Chess Club"]
[Date "2015.05.30"]
[Round "1"]
[White "DanielDelPaso"]
[Black "chessassassin"]
[Result "1-0"]
[ICCResult "Black forfeits on time"]
[WhiteElo "2673"]
[BlackElo "1841"]
[Opening "King's Indian: 3.g3"]
[ECO "E60"]
[NIC "KI.79"]
[Time "14:04:36"]
[TimeControl "180+0"]

1. d4 Nf6 2. c4 g6 3. g3 Bg7 4. Bg2 O-O 5. Nf3 d6 6. O-O Bg4 7. Nc3 Qc8 8.
e4 e5 9. Be3 exd4 10. Bxd4 Nc6 11. Qd3 Re8 12. Rfe1 Bxf3 13. Bxf3 Nxd4 14.
Qxd4 Nxe4 15. Qd3 Nc5 16. Qd2 Qd7 17. Nd5 c6 18. Ne3 Ne4 19. Qc2 Ng5 20. Bg2
h5 21. Rad1 Qc7 22. h4 Nh7 23. b4 Rad8 24. Qb3 Nf6 25. b5 Ng4 26. Nxg4 hxg4
27. Qa4 cxb5 28. cxb5 Rxe1+ 29. Rxe1 d5 30. Qxg4 d4 31. Rd1 d3 32. h5 gxh5
33. Qxh5 d2 34. Be4 Qc3 35. Bh7+ Kf8 36. Qe2 Qd4 37. Bf5 b6 38. Bg4 Re8 39.
Qf3 Rd8 40. Kg2 Qb4 41. Bh5 Qc4 42. g4 Qe6 43. g5 Kg8 44. Bg4 Qe5 45. Bf5
Rd5 46. Be4 Qxg5+ 47. Kf1 Re5 48. Ke2 Qh4 49. Kd3 {Black forfeits on time}
1-0

[Event "ICC Open 2015"]
[Site "Internet Chess Club"]
[Date "2015.05.30"]
[Round "1"]
[White "Kseroks"]
[Black "thatchessguy"]
[Result "1-0"]
[ICCResult "Black forfeits on time"]
[WhiteElo "2804"]
[BlackElo "1833"]
[Opening "King's Indian: Semi-Averbakh system"]
[ECO "E73"]
[NIC "KI.27"]
[Time "14:05:24"]
[TimeControl "180+0"]

1. d4 Nf6 2. c4 g6 3. Nc3 Bg7 4. e4 d6 5. Be2 O-O 6. Be3 e5 7. d5 a5 8. Nf3
b6 9. Nd2 Nbd7 10. a3 Nc5 11. b4 axb4 12. axb4 Rxa1 13. Qxa1 Ncd7 14. Qa7
Ne8 15. Nb3 f5 16. O-O f4 17. Bd2 Ndf6 18. f3 Rf7 19. Qa8 Bf8 20. Ra1 g5 21.
c5 Be7 22. Ba6 Bxa6 23. Qxd8 Bxd8 24. Rxa6 bxc5 25. bxc5 h5 26. c6
{Black forfeits on time}
1-0

[Event "ICC Open 2015"]
[Site "Internet Chess Club"]
[Date "2015.05.30"]
[Round "1"]
[White "maki89"]
[Black "chiprodigy"]
[Result "1-0"]
[ICCResult "Black forfeits on time"]
[WhiteElo "2380"]
[BlackElo "1688"]
[Opening "Nimzovich-Larsen attack: Indian variation"]
[ECO "A01"]
[NIC "VO.08"]
[Time "14:04:26"]
[TimeControl "180+0"]

1. b3 Nf6 2. Bb2 g6 3. Bxf6 exf6 4. c4 Bg7 5. Nc3 O-O 6. g3 f5 7. Rc1 Qf6 8.
Bg2 c6 9. e3 Re8 10. Nge2 Na6 11. d4 Nc7 12. O-O Ne6 13. Qd3 Ng5 14. Rcd1 d6
15. f4 Bh6 16. fxg5 Bxg5 17. Nf4 h5 18. e4 h4 19. Rde1 hxg3 20. hxg3 Kg7 21.
Nh3 Rh8 22. exf5 Bxf5 23. Rxf5 gxf5 24. Rf1 {Black forfeits on time} 1-0

[Event "ICC Open 2015"]
[Site "Internet Chess Club"]
[Date "2015.05.30"]
[Round "1"]
[White "flinkfinger"]
[Black "holderlin"]
[Result "1-0"]
[ICCResult "Black forfeits on time"]
[WhiteElo "2338"]
[BlackElo "1631"]
[Opening "English: symmetrical variation"]
[ECO "A38"]
[NIC "EO.28"]
[Time "14:04:37"]
[TimeControl "180+0"]

1. c4 c5 2. g3 Nc6 3. Nc3 g6 4. Bg2 Bg7 5. Nf3 Nf6 6. d4 cxd4 7. Nxd4 Nxd4
8. Qxd4 O-O 9. O-O d6 10. Qd3 a6 11. Bf4 Rb8 12. Rfd1 b5 13. c5 b4 14. Na4
Qa5 15. cxd6 exd6 16. b3 Ng4 17. Rac1 Ne5 18. Qxd6 Bg4 19. Rc5 Qd8 20. f3
Nd7 21. Rc7 Be6 22. Rxd7 Bxd7 23. Qxd7 Qxd7 24. Rxd7 Rbd8 25. Rd3 Rxd3 26.
exd3 Rd8 27. Bf1 Bd4+ 28. Kg2 f6 29. g4 g5 30. Bg3 Re8 31. h4 h6 32. f4 gxh4
33. Bxh4 Re3 34. Bf2 Rxd3 35. Bxd3 Bxf2 36. Kxf2 h5 37. gxh5
{Black forfeits on time}
1-0

[Event "ICC Open 2015"]
[Site "Internet Chess Club"]
[Date "2015.05.30"]
[Round "1"]
[White "Babaliyev"]
[Black "Red-white"]
[Result "0-1"]
[ICCResult "White forfeits on time"]
[WhiteElo "1966"]
[BlackElo "3134"]
[Opening "Bogo-Indian defense"]
[ECO "E11"]
[NIC "QI.01"]
[Time "14:04:53"]
[TimeControl "180+0"]

1. d4 Nf6 2. Nf3 e6 3. c4 Bb4+ 4. Bd2 c5 5. Bxb4 cxb4 6. e3 O-O 7. Bd3 d6 8.
O-O a5 9. h3 Nc6 10. Nbd2 b6 11. Rc1 Bb7 12. b3 e5 13. d5 Nb8 14. Bf5 Na6
15. Ng5 g6 16. Bg4 Nc5 17. Ngf3 h5 18. Bxh5 Nxh5 19. e4 Nf4 20. Kh2 Bc8 21.
g4 Kg7 22. Kg3 Rh8 23. Rh1 Ncd3 24. Rb1 Rxh3+ 25. Rxh3 Nxh3 26. Qh1 Ndxf2
27. Qh2 Bxg4 28. Rf1 Qf6 29. Rxf2 Nxf2 30. Qxf2 Qf4+ 31. Kg2 Rh8 32. Qg3
Bxf3+ 33. Nxf3 Qxe4 34. Qg5 Rh5 35. Qg3 Rf5 36. Qf2 Rf4 37. Kg3 Rg4+ 38. Kh2
Qf4+ 39. Kh3 f5 {White forfeits on time} 0-1

[Event "ICC Open 2015"]
[Site "Internet Chess Club"]
[Date "2015.05.30"]
[Round "1"]
[White "grancaruso"]
[Black "Kastor"]
[Result "0-1"]
[ICCResult "White forfeits on time"]
[WhiteElo "1880"]
[BlackElo "2901"]
[Opening "English opening"]
[ECO "A05"]
[NIC "QP.11"]
[Time "14:05:08"]
[TimeControl "180+0"]

1. Nf3 Nf6 2. c4 e6 3. g3 b6 4. Bg2 Bb7 5. O-O c5 6. b3 Be7 7. Bb2 O-O 8. d4
cxd4 9. Qxd4 d6 10. Nc3 a6 11. Rfd1 Nbd7 12. e4 Qc7 13. Rac1 Rac8 14. h3
Rfd8 15. Qe3 Qb8 16. Ne1 Bc6 17. Kh2 b5 18. cxb5 axb5 19. f4 Qb7 20. e5 dxe5
21. fxe5 Ne8 22. Bxc6 Rxc6 23. Ne4 Rxc1 24. Rxc1 b4 25. Nf3 Ra8 26. Nfg5 h6
27. Rd1 hxg5 28. Nxg5 Bxg5 29. Qxg5 Rxa2 30. Rd2 Nf8 31. Qd8 Qc6 32. Qe7 Ng6
33. Qd8 Nxe5 34. Bxe5 Rxd2+ 35. Qxd2 Qe4 36. Qb2 f6 37. Bf4 e5 38. Bc1 Nd6
39. h4 Qf3 40. Qd2 Ne4 41. Qd8+ Kh7 42. Qd7 Qxg3+ {White forfeits on time}
0-1

[Event "ICC Open 2015"]
[Site "Internet Chess Club"]
[Date "2015.05.30"]
[Round "1"]
[White "Qualm"]
[Black "LUCECOAGU"]
[Result "0-1"]
[ICCResult "White checkmated"]
[WhiteElo "1706"]
[BlackElo "2444"]
[Opening "Sicilian: closed"]
[ECO "B24"]
[NIC "SI.44"]
[Time "14:04:09"]
[TimeControl "180+0"]

1. e4 c5 2. Nc3 Nc6 3. g3 g6 4. Bg2 Bg7 5. Nge2 d6 6. O-O e6 7. d3 Nge7 8.
a4 O-O 9. f4 Rb8 10. Rb1 a6 11. b3 b5 12. axb5 axb5 13. Qe1 Nd4 14. Nxd4
cxd4 15. Ne2 d5 16. e5 Nf5 17. Qf2 Qc7 18. Ba3 Re8 19. Nxd4 Nxd4 20. Qxd4
Qxc2 21. Rfc1 Qe2 22. Rb2 Qh5 23. Rbc2 b4 24. Bxb4 Ba6 25. Rc3 g5 26. Bd6
Ra8 27. fxg5 Qxg5 28. Rf1 Rac8 29. Rxc8 Bxc8 30. b4 Qg6 31. b5 Rd8 32. Qc3
h5 33. d4 h4 34. Rc1 hxg3 35. hxg3 Qg4 36. Kf2 Rxd6 37. Qxc8+ Kh7 38. Rh1+
Kg6 39. exd6 Bxd4+ 40. Kf1 Qd1# {White checkmated} 0-1

[Event "ICC Open 2015"]
[Site "Internet Chess Club"]
[Date "2015.05.30"]
[Round "1"]
[White "Chisel"]
[Black "maly"]
[Result "0-1"]
[ICCResult "White forfeits on time"]
[WhiteElo "1760"]
[BlackElo "2598"]
[Opening "Caro-Kann: Rasa-Studier gambit"]
[ECO "B15"]
[NIC "CK.05"]
[Time "14:04:05"]
[TimeControl "180+0"]

1. e4 c6 2. Nc3 d5 3. d4 dxe4 4. f3 e3 5. Bxe3 Nf6 6. Bc4 g6 7. Nge2 Bg7 8.
O-O Nd5 9. Bg5 O-O 10. Ne4 Nd7 11. c3 N7f6 12. N2g3 b6 13. Qd2 Bb7 14. Nxf6+
Nxf6 15. Ne4 Nd5 16. Bh6 Qd7 17. Rae1 Rad8 18. Bxg7 Kxg7 19. Qg5 h6 20. Qh4
Rfe8 21. Bd3 Ba8 22. Ng3 Nf6 23. f4 e6 24. Ne4 Nxe4 25. Bxe4 c5 26. Bxa8
Rxa8 27. dxc5 bxc5 28. Qg3 Rad8 29. Re5 Qd2 30. f5 exf5 31. Rexf5 Re7 32.
Rf6 Qxb2 33. Qf3 Qb7 34. Qf4 Qc7 35. Qf3 Qd7 36. h4 h5 37. Rf2 Rde8 38. Kh2
Qc7+ 39. g3 Qd7 40. Qf4 Kg8 41. Qg5 Qd3 42. R6f3 Re3 43. Rxf7 Re2 44. Kg2
Qe4+ 45. Rf3 Rxf2+ 46. Kxf2 Qe2+ 47. Kg1 Qxf3 48. Qxg6+ Kf8 49. Qh6+ Ke7 50.
Qh7+ Qf7 51. Qe4+ Kf8 52. Qb7 Qxb7 {White forfeits on time} 0-1

[Event "ICC Open 2015"]
[Site "Internet Chess Club"]
[Date "2015.05.30"]
[Round "1"]
[White "kava"]
[Black "JCarllsen"]
[Result "1-0"]
[ICCResult "Black forfeits on time"]
[WhiteElo "2851"]
[BlackElo "1849"]
[Opening "English opening"]
[ECO "A21"]
[NIC "EO.22"]
[Time "14:04:55"]
[TimeControl "180+0"]

1. c4 e5 2. Nc3 d6 3. g3 Nf6 4. Bg2 g6 5. d3 Bg7 6. Nf3 O-O 7. O-O Nbd7 8.
Rb1 a5 9. a3 c6 10. b4 axb4 11. axb4 d5 12. b5 d4 13. Na4 Nb6 14. Nxb6 Qxb6
15. Nxe5 Re8 16. Bf4 c5 17. Nf3 Ra2 18. Re1 Nh5 19. Bd2 Qa7 20. Ra1 Rxa1 21.
Qxa1 Qxa1 22. Rxa1 Rxe2 23. Ra8 Re8 24. Ng5 b6 25. Bd5 Rf8 26. Nxf7 Bh3 27.
Ne5+ Kh8 28. Rxf8+ Bxf8 29. Bg5 Kg7 30. Bd8 Bd6 31. Nf7 Bf5 32. Nxd6 Bxd3
33. Bxb6 Nf6 34. Bxc5 Nxd5 35. Bxd4+ Nf6 36. b6 Bxc4 37. Nxc4 Kf7 38. b7 g5
39. b8=Q Kg6 40. Qf8 Kh5 41. Qxf6 h6 42. Kg2 Kg4 43. Ne5+ Kh5 44. Be3
{Black forfeits on time}
1-0

[Event "ICC Open 2015"]
[Site "Internet Chess Club"]
[Date "2015.05.30"]
[Round "1"]
[White "MaestroASK"]
[Black "bc18917"]
[Result "1-0"]
[ICCResult "Black forfeits on time"]
[WhiteElo "2590"]
[BlackElo "1759"]
[Opening "Benko's opening"]
[ECO "A00"]
[NIC "VO.09"]
[Time "14:05:06"]
[TimeControl "180+0"]

1. g3 g6 2. Bg2 Bg7 3. d3 d5 4. e4 Nf6 5. c3 c5 6. Nd2 Nc6 7. Qe2 O-O 8. Nh3
Bg4 9. f3 Bc8 10. O-O Rb8 11. e5 Nd7 12. f4 e6 13. Nf3 f6 14. exf6 Nxf6 15.
Nf2 Bd7 16. Ne5 Nxe5 17. fxe5 Ne8 18. h4 b5 19. Bf4 b4 20. Ng4 bxc3 21. bxc3
h5 22. Nh2 Kh7 23. Nf3 Kh8 24. Qd2 Rf5 25. Bh3 Nc7 26. Bxf5 exf5 27. Bh6 Ne6
28. Bxg7+ Kxg7 29. Rab1 Rxb1 30. Rxb1 f4 31. gxf4 d4 32. c4 Bc6 33. Ng5 Nxg5
34. hxg5 Qc8 35. Kh2 Qg4 36. Qf2 h4 37. Rg1 Qf5 38. Rd1 h3 39. Qg3 Qd7 40.
Re1 {Black forfeits on time} 1-0

[Event "ICC Open 2015"]
[Site "Internet Chess Club"]
[Date "2015.05.30"]
[Round "1"]
[White "QuintilianoR"]
[Black "ROWLAND"]
[Result "1-0"]
[ICCResult "Black checkmated"]
[WhiteElo "2512"]
[BlackElo "1723"]
[Opening "King's Indian: orthodox variation"]
[ECO "E94"]
[NIC "KI.15"]
[Time "14:05:55"]
[TimeControl "180+0"]

1. d4 Nf6 2. c4 g6 3. Nf3 Bg7 4. Nc3 O-O 5. e4 d6 6. Be2 e5 7. O-O exd4 8.
Nxd4 Re8 9. f3 Nc6 10. Be3 Nh5 11. Qd2 f5 12. exf5 Bxf5 13. Nxf5 gxf5 14.
Bg5 Bxc3 15. Qd5+ Kg7 16. Bxd8 Rxe2 17. bxc3 Rxd8 18. Qxf5 Nf6 19. Rae1 Rde8
20. Rxe2 Rxe2 21. Qc8 Ne8 22. Qxb7 Ne5 23. Qxa7 Ng6 24. a4 Kh6 25. Qd4 c5
26. Qd1 Nf4 27. Rf2 Rxf2 28. Kxf2 Kg5 29. g3 Ng6 30. a5 Ne5 31. f4+ Kf5 32.
fxe5 Kxe5 33. Qe2+ Kf6 34. Qxe8 Kf5 35. a6 Kf6 36. a7 Kf5 37. h4 Kf6 38.
a8=Q Kf5 39. Qf3# {Black checkmated} 1-0

[Event "ICC Open 2015"]
[Site "Internet Chess Club"]
[Date "2015.05.30"]
[Round "1"]
[White "gbray"]
[Black "Macks"]
[Result "1-0"]
[ICCResult "Black forfeits on time"]
[WhiteElo "2224"]
[BlackElo "1501"]
[Opening "Caro-Kann defense"]
[ECO "B10"]
[NIC "CK.01"]
[Time "14:05:12"]
[TimeControl "180+0"]

1. e4 c6 2. Nf3 d5 3. exd5 cxd5 4. d4 Bg4 5. c3 Nf6 6. Be2 e6 7. O-O g6 8.
h3 Bxf3 9. Bxf3 Bg7 10. Bf4 O-O 11. Qd2 Re8 12. Bh6 Nbd7 13. Bxg7 Kxg7 14.
Na3 a6 15. Nc2 Rc8 16. Ne3 b5 17. h4 h5 18. a4 Nb6 19. axb5 axb5 20. Ra7
Nbd7 21. Rfa1 Rc7 22. R7a5 Rb7 23. b4 Qc7 24. g3 Qc6 25. Ra6 Rb6 26. Ra7 e5
27. dxe5 Nxe5 28. Bxd5 Nxd5 29. Qxd5 Nf3+ 30. Kg2 Nxh4+ 31. gxh4 Qxd5+ 32.
Nxd5 Rd6 33. Ne3 Rf6 34. Rb7 Re4 35. Kg3 Ref4 36. Ra2 Rf3+ 37. Kg2 R3f4 38.
Rxb5 Rxh4 39. Rg5 {Black forfeits on time} 1-0

[Event "ICC Open 2015"]
[Site "Internet Chess Club"]
[Date "2015.05.30"]
[Round "1"]
[White "shukla"]
[Black "FedoseevVl95"]
[Result "0-1"]
[ICCResult "White forfeits on time"]
[WhiteElo "1956"]
[BlackElo "3088"]
[Opening "Sicilian: Alapin's variation (2.c3)"]
[ECO "B22"]
[NIC "SI.46"]
[Time "14:03:46"]
[TimeControl "180+0"]

1. e4 c5 2. c3 e6 3. d4 d5 4. exd5 Qxd5 5. Nf3 Nf6 6. Be2 Nc6 7. O-O Be7 8.
Be3 cxd4 9. Nxd4 Nxd4 10. Bxd4 O-O 11. Nd2 e5 12. Be3 Be6 13. Nb3 b6 14. Qc2
Rad8 15. Rfd1 Qc6 16. h3 h6 17. Bf3 Qa4 18. Rxd8 Rxd8 19. Nd4 Qxc2 20. Nxc2
Nd5 21. Bd2 Nb4 22. Nxb4 Rxd2 23. b3 Bc5 24. Rf1 Bxb4 25. cxb4 Rxa2 26. Rb1
g5 27. b5 Kg7 28. Bc6 Kf6 29. f3 Ke7 30. b4 f6 31. Rd1 Ra4 32. Rb1 Kd6 33.
Kf2 Ra3 34. Rd1+ Ke7 35. Kg3 h5 36. Rb1 h4+ 37. Kh2 Ra2 38. Kh1 Bc4 39. Rd1
Be6 40. Rb1 a6 41. bxa6 Rxa6 42. b5 Ra2 43. Rd1 Rb2 44. Kh2 Bc4 45. Rd7+ Ke6
46. Rb7 Bf1 47. Rxb6 Rxg2+ {White forfeits on time} 0-1